[Event "Titled Tuesday Blitz February 07 Early 2023"]
[White "Sukandar, Irine Kharisma"]
[Black "Taspinar, Yanki"]
[WhiteFideId "7101937"]
[BlackFideId "34561188"]
[WhiteElo "2390"]
[BlackElo "2262"]
[Result "1-0"]
[Round "07"]
[TimeControl "180+2"]
[Date "2023.02.07"]
[WhiteClock "0:00:03"]
[BlackClock "0:00:01"]

1. d4 Nf6 2. Bf4 c6 3. Nd2 d5 4. e3 g6 5. Bd3 Bg7 6. c3 O-O 7. Qe2 Nbd7 8. h3 Nh5 9. Bh2 e5 10. g4 e4 11. gxh5 exd3 12. Qxd3 Nf6 13. hxg6 hxg6 14. Ngf3 Bxh3 15. Be5 Bf5 16. Qe2 Re8 17. Nh4 Be6 18. O-O-O a5 19. Rdg1 Kf8 20. f4 Qd7 21. f5 Bxf5 22. Nxf5 Qxf5 23. Rf1 Qe6 24. Qg2 Nd7 25. Rh7 Nxe5 26. dxe5 Kg8 27. Rfh1 Qxe5 28. Qh3 a4 29. e4 dxe4 30. Nc4 Qf6 31. Rf1 Qg5+ 32. Kb1 a3 33. Nd6 Re7 34. Nxf7 Rxf7 35. Rxf7 Kxf7 36. Qd7+ Qe7 37. Rxg7+ Kxg7 38. Qxe7+ Kh6 39. Qxe4 axb2 40. Qf4+ Kg7 41. Qc7+ Kh6 42. Qxb7 Rg8 43. Qxc6 Kh7 44. Qh1+ Kg7 45. Kxb2 g5 46. Qd5 Kh7 47. Qf7+ Rg7 48. Qh5+ Kg8 49. Qg4 Kh7 50. a4 Kg6 51. a5 Ra7 52. Qe6+ Kh5 53. a6 g4 54. Qb6 Rg7 55. a7 Rg8 56. Qb5+ Kh4 57. Qc4 Ra8 58. Qa4 Kh3 59. Qd7 1-0


[Site "https://www.chess.com"]

[Event "Titled Tuesday Blitz February 07 Early 2023"]
[White "Czopor, Maciej"]
[Black "Papasimakopoulos, Alexandros"]
[WhiteFideId "21805431"]
[BlackFideId "4244125"]
[WhiteElo "2385"]
[BlackElo "2401"]
[Result "0-1"]
[Round "07"]
[TimeControl "180+2"]
[Date "2023.02.07"]
[WhiteClock "0:00:04"]
[BlackClock "0:00:08"]

1. c4 f5 2. Nc3 Nf6 3. d3 d6 4. e4 e5 5. g3 fxe4 6. dxe4 Be6 7. b3 g6 8. Bg2 Bg7 9. Nge2 O-O 10. O-O c5 11. h3 Qd7 12. Kh2 Nc6 13. f4 Nd4 14. Qd3 Rae8 15. Bd2 a6 16. Rad1 b5 17. fxe5 dxe5 18. Nd5 Bxd5 19. cxd5 Rc8 20. Rc1 h5 21. Ng1 Kh7 22. Nf3 Nxf3+ 23. Rxf3 Bh6 24. Bxh6 Kxh6 25. Rxc5 Rxc5 26. Qe3+ Kg7 27. Qxc5 Rd8 28. Rc3 Qd6 29. Qxd6 Rxd6 30. Rc7+ Rd7 31. Rc6 a5 32. Ra6 Rc7 33. Rxa5 Rc2 34. Kg1 b4 35. Ra4 h4 36. g4 Ne8 37. Rxb4 Rxa2 38. Rb7+ Kf6 39. b4 Rb2 40. b5 Nd6 41. Rb6 Ke7 42. Bf1 g5 43. Ra6 Nxe4 44. Re6+ Kf7 45. Rxe5 Ng3 46. Rxg5 Rb1 47. Kf2 Rxf1+ 48. Ke3 Rb1 49. Re5 Rxb5 50. Kf4 Kf6 51. Re6+ Kf7 52. Rd6 Rb3 53. Kg5 Ne4+ 54. Kxh4 Nxd6 55. Kg5 Rxh3 56. Kf4 Rd3 57. Ke5 Rd1 58. Kxd6 Ke8 59. Ke6 Rg1 60. Kf5 Kf7 61. d6 Rd1 62. Ke5 Rd3 63. g5 Rd1 64. Ke4 Rxd6 65. Kf5 Ra6 66. Kg4 Kg6 67. Kh4 Ra4+ 68. Kh3 0-1


[Site "https://www.chess.com"]

[Event "Titled Tuesday Blitz February 07 Early 2023"]
[White "Akobian, Varuzhan"]
[Black "Mendez Fortes, Eduardo Jesus"]
[WhiteFideId "13300580"]
[BlackFideId "3502376"]
[WhiteElo "2591"]
[BlackElo "2250"]
[Result "1-0"]
[Round "07"]
[TimeControl "180+2"]
[Date "2023.02.07"]
[WhiteClock "0:00:21"]
[BlackClock "0:00:39"]

1. d4 Nf6 2. c4 e6 3. Nf3 d5 4. cxd5 exd5 5. Nc3 Bb4 6. Qa4+ Nc6 7. Bg5 O-O 8. e3 h6 9. Bxf6 Qxf6 10. Rc1 Rd8 11. a3 Bf8 12. Bd3 a6 13. O-O Ne7 14. Ne5 Ng6 15. Nxg6 fxg6 16. Qb3 c6 17. Na4 Rb8 18. Bxa6 Bh3 19. Be2 Qg5 20. Bf3 Bd6 21. Kh1 Rf8 22. e4 Qf4 23. e5 Be7 24. gxh3 Qxf3+ 25. Qxf3 Rxf3 26. Kg2 Rb3 27. Rc3 Rb5 28. b4 Ra8 29. Nc5 Bxc5 30. dxc5 Kf7 31. f4 Ke6 32. Kf3 b6 33. cxb6 Rxb6 34. Rfc1 Kd7 35. Ke3 Rba6 36. Kd4 Rf8 37. Rf1 Rfa8 38. Rg1 Ke7 39. Rgg3 Kf7 40. h4 Rb8 41. Rce3 Rb5 42. e6+ Ke7 43. Rxg6 c5+ 44. bxc5 Ra4+ 45. Kxd5 Rxf4 46. Rxg7+ Ke8 47. e7 Rxc5+ 48. Kxc5 Rf5+ 49. Kd6 Rf6+ 50. Re6 h5 51. Rg8+ 1-0


[Site "https://www.chess.com"]

[Event "Titled Tuesday Blitz February 07 Early 2023"]
[White "Skvortsov, Andrei"]
[Black "Bagwe Gaurang"]
[WhiteFideId "24108600"]
[BlackFideId "45039895"]
[WhiteElo "2313"]
[BlackElo "2067"]
[Result "0-1"]
[Round "07"]
[TimeControl "180+2"]
[Date "2023.02.07"]
[WhiteClock "0:01:27"]
[BlackClock "0:00:59"]

1. d4 d5 2. c4 e6 3. Nc3 Nf6 4. cxd5 Nxd5 5. e4 Nxc3 6. bxc3 c5 7. Nf3 cxd4 8. cxd4 Bb4+ 9. Bd2 Bxd2+ 10. Qxd2 O-O 11. Be2 b6 12. O-O Bb7 13. Qe3 Nd7 14. Rfd1 Nf6 15. Nd2 Rc8 16. f3 Qd7 17. Nb3 Rfd8 18. Rac1 a5 19. Rxc8 Rxc8 20. Rc1 a4 21. Rxc8+ Qxc8 22. Nc1 Qc2 23. g4 h6 24. h4 Bc6 25. Kf1 b5 26. Ke1 b4 27. Qd2 Qb1 28. Bd3 Qa1 29. e5 Nd7 30. Qc2 Bxf3 31. Qc7 Nf8 32. Qc4 Bd5 33. Qc5 b3 34. axb3 axb3 35. Kd2 b2 36. Ne2 b1=Q 37. Bxb1 Qxb1 38. g5 hxg5 39. hxg5 Qg6 40. Qe7 Qe4 41. Qc5 Ng6 42. Qc8+ Kh7 43. Qc3 Nf4 44. g6+ fxg6 45. Ng3 Qg2+ 46. Ke1 Bf3 47. d5 Qxg3+ 48. Kd2 Qg2+ 49. Kc1 Ne2+ 0-1


[Site "https://www.chess.com"]

[Event "Titled Tuesday Blitz February 07 Early 2023"]
[White "Belozerov, Andrei"]
[Black "Slade, Theodore"]
[WhiteFideId "4120213"]
[BlackFideId "426547"]
[WhiteElo "2461"]
[BlackElo "1995"]
[Result "1-0"]
[Round "07"]
[TimeControl "180+2"]
[Date "2023.02.07"]
[WhiteClock "0:00:40"]
[BlackClock "0:00:35"]

1. e4 e5 2. Nf3 Nc6 3. Bb5 Nf6 4. O-O Nxe4 5. d4 Nd6 6. Bg5 f6 7. dxe5 Nxb5 8. exf6 gxf6 9. Bf4 Bd6 10. Bh6 Be5 11. Nxe5 Nxe5 12. Qh5+ Ke7 13. f4 Qe8 14. Qxe8+ Rxe8 15. fxe5 fxe5 16. Bg5+ Kd6 17. c4 Nd4 18. Nc3 c6 19. Ne4+ Kc7 20. Rf7 h5 21. Rd1 b6 22. Be7 Ba6 23. Bd6+ Kd8 24. b3 c5 25. Nf6 Bc8 26. Nxe8 Kxe8 27. Rf8# 1-0


[Site "https://www.chess.com"]

[Event "Titled Tuesday Blitz February 07 Early 2023"]
[White "Balabayeva, Xeniya"]
[Black "Bulmaga, Irina"]
[WhiteFideId "13719688"]
[BlackFideId "13903063"]
[WhiteElo "2191"]
[BlackElo "2422"]
[Result "0-1"]
[Round "07"]
[TimeControl "180+2"]
[Date "2023.02.07"]
[WhiteClock "0:00:01"]
[BlackClock "0:00:13"]

1. e4 Nc6 2. Nf3 d6 3. d4 Bg4 4. d5 Ne5 5. Be2 Bxf3 6. Bxf3 g6 7. Be2 Bg7 8. Be3 h5 9. Nc3 a6 10. Bd4 Nf6 11. f4 Neg4 12. Bf3 e5 13. dxe6 fxe6 14. e5 dxe5 15. fxe5 Nd7 16. Bxg4 Qh4+ 17. g3 Qxg4 18. Qxg4 hxg4 19. O-O-O O-O-O 20. Rde1 c5 21. Bf2 Bxe5 22. Ne4 b6 23. Ng5 Rdf8 24. Be3 Rf6 25. Bd2 Rf2 26. Rxe5 Nxe5 27. Bc3 Rf5 28. Bxe5 Rxe5 29. Nf7 Reh5 30. Nxh8 Rxh8 31. Kd2 Rf8 32. Ke2 Kc7 33. Rd1 Rh8 34. Rh1 Kc6 35. Ke3 g5 36. Ke4 Rd8 0-1


[Site "https://www.chess.com"]

[Event "Titled Tuesday Blitz February 07 Early 2023"]
[White "Jimenez, Joaquin"]
[Black "EREBUNI91"]
[WhiteFideId "109860"]
[WhiteElo "2195"]
[BlackElo "2666"]
[Result "0-1"]
[Round "07"]
[TimeControl "180+2"]
[Date "2023.02.07"]
[WhiteClock "0:00:08"]
[BlackClock "0:00:12"]

1. c4 e6 2. Nf3 Nf6 3. g3 d5 4. Bg2 Be7 5. O-O O-O 6. b3 c5 7. cxd5 exd5 8. d4 Nc6 9. Bb2 Bg4 10. dxc5 Bxc5 11. Nbd2 Ne4 12. Rc1 Bb6 13. e3 Re8 14. h3 Bh5 15. g4 Bg6 16. Nxe4 dxe4 17. Nd4 Ne5 18. Qe2 Nd3 19. Rcd1 Qf6 20. Rd2 Nxb2 21. Rxb2 Bxd4 22. exd4 Qxd4 23. Rd2 Qe5 24. Qe3 Rac8 25. Qxa7 h5 26. Qxb7 hxg4 27. hxg4 Qf4 28. Qd7 e3 29. Re2 Rcd8 30. Qa4 Qxa4 31. bxa4 Bd3 32. Rxe3 Rxe3 33. fxe3 Bxf1 34. Bxf1 Rd2 35. Bc4 Kf8 36. a5 Rc2 37. Bb3 Rc5 38. a6 Ra5 39. Bc4 Ra4 40. Be2 Rxa2 41. Kf2 Ke7 42. Kf3 Kd6 43. Bc4 Ra5 44. Bxf7 Rxa6 45. g5 Ke5 46. g6 Ra3 47. Bg8 Kf5 48. Bf7 Ra1 49. Be8 Ra8 50. Bf7 Rf8 51. e4+ Ke5 52. Ke3 Ra8 53. Bd5 Ra3+ 54. Kd2 Rg3 55. Bf7 Kxe4 56. Ke2 Rg2+ 57. Kf1 Rg5 58. Kf2 Kf4 59. Kf1 Kf5 60. Kf2 Rxg6 61. Bxg6+ Kxg6 62. Kf3 Kf5 63. Kg3 Kg5 64. Kf3 Kh4 65. Kg2 Kg4 66. Kf2 Kh3 67. Kg1 g5 68. Kh1 g4 69. Kg1 Kg3 70. Kh1 Kf2 71. Kh2 g3+ 0-1


[Site "https://www.chess.com"]

[Event "Titled Tuesday Blitz February 07 Early 2023"]
[White "Kuderinov, Kirill"]
[Black "Przybylski, Wojciech"]
[WhiteFideId "13701568"]
[BlackFideId "1117599"]
[WhiteElo "2404"]
[BlackElo "2321"]
[Result "0-1"]
[Round "07"]
[TimeControl "180+2"]
[Date "2023.02.07"]
[WhiteClock "0:01:18"]
[BlackClock "0:01:24"]

1. c4 Nf6 2. Nc3 e5 3. g3 d5 4. cxd5 Nxd5 5. Bg2 Nb6 6. Nf3 Nc6 7. O-O Be7 8. d3 O-O 9. a3 Be6 10. b4 a5 11. b5 Nd4 12. Nxe5 Bf6 13. Bf4 Nb3 14. Rb1 Qd4 15. Rxb3 Bxb3 16. Qxb3 Bxe5 17. Bxe5 Qxe5 18. Bxb7 Rad8 19. Bc6 Rd4 20. Ne4 a4 21. Qc3 Rxe4 22. Qc2 Rxe2 23. Qc1 h5 24. Bf3 Rb2 25. Re1 Qf6 26. Re4 Rxb5 27. Kg2 Rf5 28. Qd1 Nd5 0-1


[Site "https://www.chess.com"]

[Event "Titled Tuesday Blitz February 07 Early 2023"]
[White "Kalogeris, Ioannis"]
[Black "Devaev, Alexander"]
[WhiteFideId "4239563"]
[BlackFideId "4169395"]
[WhiteElo "2423"]
[BlackElo "2325"]
[Result "1-0"]
[Round "07"]
[TimeControl "180+2"]
[Date "2023.02.07"]
[WhiteClock "0:00:16"]
[BlackClock "0:00:01"]

1. e4 c6 2. d4 d5 3. e5 Bf5 4. Nd2 e6 5. Nb3 Nd7 6. Nf3 h6 7. Be2 a6 8. O-O Ne7 9. Bd2 Bg6 10. Ba5 b6 11. Bb4 Bh5 12. Ne1 Bxe2 13. Qxe2 a5 14. Bd6 a4 15. Nd2 Nf5 16. Bxf8 Nxf8 17. Qd3 h5 18. c4 Ng6 19. Nef3 O-O 20. g3 Qd7 21. Rfd1 Rfd8 22. Rac1 h4 23. c5 bxc5 24. Rxc5 Rdb8 25. Qc3 Rb6 26. Rc1 Nfe7 27. Kg2 Rab8 28. b3 axb3 29. Nxb3 Rb5 30. Rxb5 Rxb5 31. a4 Rb8 32. a5 Nf5 33. Nc5 Qa7 34. Ra1 Rb5 35. a6 Nge7 36. g4 Nh6 37. h3 Nc8 38. Nxh4 Nb6 39. Nf3 Nc4 40. Ra2 Kf8 41. Nd2 Ng8 42. Nxc4 dxc4 43. Qxc4 Ne7 44. Kg3 g6 45. h4 Kg7 46. Qd3 Nd5 47. h5 gxh5 48. Qf3 Rb8 49. gxh5 Rg8 50. Kh2 Kf8 51. Rb2 Kg7 52. Rb1 1-0


[Site "https://www.chess.com"]

[Event "Titled Tuesday Blitz February 07 Early 2023"]
[White "Iskusnyh, Sergei"]
[Black "Gutkin, Ilya"]
[WhiteFideId "4120027"]
[BlackFideId "16203470"]
[WhiteElo "2440"]
[BlackElo "2273"]
[Result "1-0"]
[Round "07"]
[TimeControl "180+2"]
[Date "2023.02.07"]
[WhiteClock "0:00:15"]
[BlackClock "0:00:05"]

1. d4 e6 2. c4 Bb4+ 3. Bd2 Qe7 4. g3 Nf6 5. Bg2 Nc6 6. e3 Bxd2+ 7. Qxd2 d6 8. Nc3 O-O 9. Nge2 e5 10. h3 exd4 11. exd4 Bf5 12. O-O Ne4 13. Qe3 Nxc3 14. Nxc3 Qxe3 15. fxe3 Bd3 16. Rfc1 Bxc4 17. b3 Ba6 18. Nd5 Rfc8 19. b4 Kf8 20. a4 Bd3 21. Rc3 Bf5 22. b5 Na5 23. Nxc7 Rab8 24. Rac1 Bd7 25. g4 b6 26. Kf2 h6 27. Bd5 Ke7 28. e4 f6 29. Ke3 Kd8 30. Ne6+ Bxe6 31. Bxe6 Rxc3+ 32. Rxc3 Ke7 33. Rc7+ 1-0


[Site "https://www.chess.com"]

[Event "Titled Tuesday Blitz February 07 Early 2023"]
[White "Borgaonkar Akshay"]
[Black "Sowul, Bartosz"]
[WhiteFideId "25639110"]
[BlackFideId "1137590"]
[WhiteElo "1991"]
[BlackElo "2269"]
[Result "1/2-1/2"]
[Round "07"]
[TimeControl "180+2"]
[Date "2023.02.07"]
[WhiteClock "0:00:45"]
[BlackClock "0:00:09"]

1. d4 Nf6 2. Bg5 g6 3. Bxf6 exf6 4. c4 d5 5. Nc3 dxc4 6. e3 Bd6 7. Bxc4 Nd7 8. Nf3 f5 9. h4 h5 10. Ng5 O-O 11. Qb3 Qf6 12. Nd5 Qg7 13. O-O-O c6 14. Nc3 Nb6 15. Bd3 Qf6 16. f3 Kg7 17. Kb1 Bc7 18. g4 fxg4 19. fxg4 Bxg4 20. Rdf1 Qe7 21. Nce4 f6 22. Nf3 Nd5 23. Bc2 b5 24. Nh2 f5 25. Nxg4 fxg4 26. Ng5 Rxf1+ 27. Rxf1 Rf8 28. Rxf8 Kxf8 29. Bxg6 Qxe3 30. Qxe3 Nxe3 31. Ne6+ Ke7 32. Nxc7 g3 33. Be4 g2 34. Bxg2 Nxg2 35. d5 Kd7 36. Ne6 Nxh4 37. Ng7 cxd5 38. Nxh5 Ng6 39. Nf6+ Kc6 40. Kc2 Ne7 41. Kd3 Nf5 42. Ng4 a6 43. Ne5+ Kb6 44. b4 Kc7 45. a3 Kd6 46. Nf7+ Kd7 47. Ne5+ Kd6 48. Nf7+ Kc6 49. Nd8+ Kc7 50. Ne6+ Kd6 51. Nc5 a5 52. Nb7+ Kc7 53. Nxa5 Nd6 54. Kd4 Nc4 55. Nxc4 bxc4 56. a4 Kb6 57. a5+ Kb5 58. Kc3 Ka6 59. Kd4 Kb5 60. Kc3 Ka6 61. Kd4 Kb5 1/2-1/2


[Site "https://www.chess.com"]

[Event "Titled Tuesday Blitz February 07 Early 2023"]
[White "Lehtosaari, Mauri"]
[Black "Ibarra Jerez, Jose Carlos"]
[WhiteFideId "501999"]
[BlackFideId "2226332"]
[WhiteElo "2176"]
[BlackElo "2563"]
[Result "0-1"]
[Round "07"]
[TimeControl "180+2"]
[Date "2023.02.07"]
[WhiteClock "0:00:01"]
[BlackClock "0:00:18"]

1. d4 Nf6 2. Nf3 g6 3. Bg5 Bg7 4. Nbd2 O-O 5. e3 d6 6. Bc4 Nbd7 7. O-O e5 8. a4 a5 9. c3 b6 10. Bd5 Rb8 11. Bc6 h6 12. Bxf6 Qxf6 13. h3 Qe7 14. Re1 f5 15. dxe5 dxe5 16. e4 f4 17. Nc4 Rd8 18. Qc2 Nc5 19. Rad1 Ba6 20. b3 Kh7 21. Nb2 Rd6 22. Rxd6 Qxd6 23. Bb5 Bb7 24. Bc4 Qe7 25. h4 Rd8 26. h5 g5 27. Nd3 Nxd3 28. Bxd3 g4 29. Nh2 g3 30. fxg3 fxg3 31. Nf3 Qc5+ 32. Kh1 Rf8 33. Bc4 Rf4 34. Be6 Bc6 35. Bf5+ Kh8 36. Rd1 Qe7 37. Qd2 Bf6 38. Bh3 Bxe4 39. Qd7 Qxd7 40. Rxd7 Bh7 41. Rxc7 e4 42. Ng1 Rf1 43. Rf7 Bg8 44. Be6 Bxf7 0-1


[Site "https://www.chess.com"]

[Event "Titled Tuesday Blitz February 07 Early 2023"]
[White "Pein, Jonathan"]
[Black "Tan, Zhongyi"]
[WhiteFideId "417092"]
[BlackFideId "8603642"]
[WhiteElo "2265"]
[BlackElo "2517"]
[Result "0-1"]
[Round "07"]
[TimeControl "180+2"]
[Date "2023.02.07"]
[WhiteClock "0:00:04"]
[BlackClock "0:00:08"]

1. e4 c5 2. g3 Nc6 3. Bg2 g6 4. Ne2 Bg7 5. O-O e6 6. c3 Nge7 7. d4 cxd4 8. cxd4 d5 9. e5 b6 10. Nd2 Ba6 11. Nf3 h6 12. Re1 O-O 13. Qa4 Bc4 14. b3 b5 15. Qa3 Bxe2 16. Rxe2 Nf5 17. Qb2 Qb6 18. Be3 Rfc8 19. Rc1 Nb4 20. Rxc8+ Rxc8 21. a3 Nd3 22. Qd2 Nxe3 23. Rxe3 Nc1 24. Bf1 Qc6 25. g4 Bf8 26. Qa5 a6 27. a4 Qc2 28. Qxa6 bxa4 29. bxa4 Rc3 30. Ne1 Qb3 31. Rxc3 Qxc3 32. Nd3 Nb3 33. Nf4 Nxd4 34. Qd3 Nf3+ 35. Kh1 Qe1 36. Kg2 Nxe5 37. Qe3 Qxe3 38. fxe3 Nxg4 39. Kg3 Nxe3 40. Bb5 Bc5 41. a5 Nf5+ 42. Kf3 Nd4+ 43. Kg3 Nxb5 44. a6 Nd4 45. Nd3 Nf5+ 46. Kf4 Ba7 47. Ke5 Kg7 48. Nb4 d4 49. Nc6 Bb6 50. Ke4 Nd6+ 51. Ke5 Nb5 52. Ne7 d3 53. Nc6 d2 54. a7 Nxa7 55. Nd8 Bxd8 0-1


[Site "https://www.chess.com"]

[Event "Titled Tuesday Blitz February 07 Early 2023"]
[White "Liyanage, Ranindu Dilshan"]
[Black "Danielyan, Vahe"]
[WhiteFideId "9915834"]
[BlackFideId "13304828"]
[WhiteElo "2342"]
[BlackElo "2346"]
[Result "1-0"]
[Round "07"]
[TimeControl "180+2"]
[Date "2023.02.07"]
[WhiteClock "0:01:34"]
[BlackClock "0:01:47"]

1. d4 Nf6 2. c4 g6 3. Nc3 Bg7 4. Nf3 O-O 5. h4 d6 6. Bg5 Bg4 7. Qd2 c5 8. e3 Nc6 9. Be2 Qa5 10. d5 Bxf3 11. gxf3 Nb4 12. e4 b5 13. cxb5 a6 14. bxa6 Nxa6 15. Rd1 Rfb8 16. a4 Rxb2 17. Qxb2 Nxe4 18. fxe4 Bxc3+ 19. Bd2 Bxd2+ 20. Qxd2 Nb4 21. h5 Qxa4 22. hxg6 fxg6 23. Qh6 1-0


[Site "https://www.chess.com"]

[Event "Titled Tuesday Blitz February 07 Early 2023"]
[White "Buksa, Nataliya"]
[Black "Tillyaev, Ulugbek"]
[WhiteFideId "14123622"]
[BlackFideId "14202441"]
[WhiteElo "2406"]
[BlackElo "2287"]
[Result "1/2-1/2"]
[Round "07"]
[TimeControl "180+2"]
[Date "2023.02.07"]
[WhiteClock "0:00:05"]
[BlackClock "0:00:06"]

1. d4 c5 2. dxc5 Na6 3. e4 Nxc5 4. Nc3 d6 5. Be3 Qa5 6. Bxc5 Qxc5 7. Bb5+ Kd8 8. Nf3 g6 9. O-O Bg7 10. Ba4 Nh6 11. Bb3 a6 12. a4 Rf8 13. Qd3 f5 14. e5 Bxe5 15. Nxe5 Qxe5 16. Rfe1 Qc5 17. a5 Ng4 18. Qe2 Qe5 19. Qxe5 Nxe5 20. Nd5 Rb8 21. Rad1 Bd7 22. Nxe7 Kxe7 23. f4 Bc6 24. fxe5 dxe5 25. Rxe5+ Kf6 26. Re6+ Kg5 27. Rde1 Rbd8 28. R1e2 f4 29. R6e5+ Kh6 30. c3 f3 31. gxf3 Rxf3 32. Rf2 Rxf2 33. Kxf2 Bb5 34. c4 Bc6 35. Ke3 Rf8 36. Bd1 Rf1 37. Kd2 Rf2+ 38. Re2 Rf4 39. Kc3 Kg5 40. b4 h5 41. Rd2 Kh4 42. Be2 g5 43. b5 axb5 44. cxb5 Be4 45. Bc4 g4 46. a6 bxa6 47. bxa6 Kh3 48. Kb4 h4 49. Kb5 g3 50. hxg3 hxg3 51. a7 g2 52. Rd1 Kh2 53. Bd5 Bxd5 54. Rxd5 g1=Q 55. Rh5+ Kg3 56. Rg5+ Rg4 57. Rxg4+ Kxg4 58. a8=Q Qb1+ 59. Kc5 Qc2+ 60. Kd6 Qd3+ 61. Qd5 Qa6+ 62. Ke5 Qe2+ 63. Qe4+ Qxe4+ 64. Kxe4 1/2-1/2


[Site "https://www.chess.com"]

[Event "Titled Tuesday Blitz February 07 Early 2023"]
[White "Vagman, Roy"]
[Black "Koellner, Ruben Gideon"]
[WhiteFideId "2828995"]
[BlackFideId "12993093"]
[WhiteElo "2273"]
[BlackElo "2426"]
[Result "0-1"]
[Round "07"]
[TimeControl "180+2"]
[Date "2023.02.07"]
[WhiteClock "0:02:25"]
[BlackClock "0:02:52"]

1. e4 d6 2. d4 Nf6 3. Nc3 e5 4. dxe5 dxe5 5. Qxd8+ Kxd8 6. Bc4 Be6 7. Bxe6 fxe6 8. f3 Bd6 9. Be3 Ke7 10. O-O-O Nc6 11. Nb1 a6 12. c3 b5 13. Ne2 Rhb8 14. a3 a5 15. b4 axb4 16. axb4 Ra2 17. Rd2 Rba8 18. Rxa2 Rxa2 19. Rd1 Rxe2 20. Rd3 Rxg2 21. Nd2 Rxh2 22. Nb3 Nd7 23. Na5 Nxa5 24. bxa5 Ra2 25. Bg5+ Nf6 26. f4 exf4 27. c4 bxc4 0-1


[Site "https://www.chess.com"]

[Event "Titled Tuesday Blitz February 07 Early 2023"]
[White "Aarav Dengla"]
[Black "Jain Kashish Manoj"]
[WhiteFideId "45059756"]
[BlackFideId "35081098"]
[WhiteElo "2343"]
[BlackElo "2375"]
[Result "1-0"]
[Round "07"]
[TimeControl "180+2"]
[Date "2023.02.07"]
[WhiteClock "0:00:20"]
[BlackClock "0:00:03"]

1. e4 e6 2. d4 d5 3. exd5 exd5 4. Nf3 Bd6 5. c4 dxc4 6. Bxc4 Nf6 7. O-O O-O 8. Nc3 c6 9. h3 Nbd7 10. Bg5 Nb6 11. Bb3 h6 12. Bh4 Bf5 13. Ne5 Be7 14. Qf3 Bh7 15. Bxf6 Bxf6 16. Qh5 Qc7 17. Rad1 Rad8 18. Rfe1 a5 19. Re3 Bxe5 20. dxe5 Rxd1+ 21. Nxd1 a4 22. Bxf7+ Qxf7 23. Qh4 Nd5 24. Rf3 Qe7 25. Rxf8+ Kxf8 26. Qxa4 Qxe5 27. Qa8+ Qe8 28. Qa3+ Qe7 29. Qf3+ Kg8 30. Kh2 Qe5+ 31. Kg1 Qe1+ 32. Kh2 Be4 33. Qg4 Nf6 34. Qe6+ Kh7 35. Nc3 b5 36. f3 b4 37. Nxe4 1-0


[Site "https://www.chess.com"]

[Event "Titled Tuesday Blitz February 07 Early 2023"]
[White "Souleidis, Georgios"]
[Black "Tymrakiewicz, Rafal"]
[WhiteFideId "4206827"]
[BlackFideId "1108832"]
[WhiteElo "2419"]
[BlackElo "2144"]
[Result "1/2-1/2"]
[Round "07"]
[TimeControl "180+2"]
[Date "2023.02.07"]
[WhiteClock "0:00:05"]
[BlackClock "0:00:06"]

1. e4 c6 2. d3 g6 3. Nf3 Bg7 4. d4 d5 5. e5 Bg4 6. Nbd2 e6 7. h3 Bxf3 8. Nxf3 c5 9. c3 Nc6 10. Bd3 cxd4 11. cxd4 Qb6 12. O-O Nge7 13. Be3 O-O 14. Qd2 Rfc8 15. Rac1 Nb4 16. Bb1 Rxc1 17. Rxc1 Rc8 18. Rxc8+ Nxc8 19. h4 Ne7 20. h5 Nf5 21. Bxf5 exf5 22. a3 Nc6 23. b4 Nd8 24. a4 Qc6 25. b5 Qc4 26. Qa5 Ne6 27. Qxa7 Qc8 28. hxg6 hxg6 29. a5 Nc7 30. Qb6 Bf8 31. e6 fxe6 32. Ne5 Be7 33. Nxg6 Bd8 34. Qc5 Qd7 35. Qf8+ Kh7 36. Ne5 Qe7 37. Qh6+ Kg8 38. Qg6+ Qg7 39. Qxg7+ Kxg7 40. a6 Nxb5 41. axb7 Bc7 42. Nd7 f4 43. Bd2 Kg6 44. g3 fxg3 45. fxg3 Bxg3 46. Kg2 Bc7 47. Be3 Kf5 48. Kf3 Nd6 49. b8=Q Bxb8 50. Nxb8 e5 51. Nc6 exd4 52. Bxd4 Nc4 53. Nb4 Ne5+ 54. Ke3 Ng4+ 55. Kd3 Ne5+ 56. Kc3 Ke4 57. Bg1 Nf3 58. Bf2 d4+ 59. Kc4 Nd2+ 60. Kc5 Nf3 61. Kc4 Nd2+ 62. Kc5 Nf3 63. Bxd4 Nxd4 1/2-1/2


[Site "https://www.chess.com"]

[Event "Titled Tuesday Blitz February 07 Early 2023"]
[White "Parkhov, Yair"]
[Black "Khamdamova, Afruza"]
[WhiteFideId "2813408"]
[BlackFideId "14210444"]
[WhiteElo "2505"]
[BlackElo "2162"]
[Result "0-1"]
[Round "07"]
[TimeControl "180+2"]
[Date "2023.02.07"]
[WhiteClock "0:00:07"]
[BlackClock "0:00:06"]

1. Nf3 Nf6 2. d4 d5 3. c4 e6 4. g3 dxc4 5. Bg2 c5 6. O-O Nc6 7. dxc5 Qxd1 8. Rxd1 Bxc5 9. Nbd2 c3 10. bxc3 O-O 11. Nb3 Be7 12. Nfd4 Bd7 13. Bb2 Rac8 14. c4 Rfd8 15. Rac1 b6 16. Nb5 Be8 17. Rxd8 Rxd8 18. Bxc6 Bxc6 19. Nxa7 Bb7 20. Nb5 h6 21. f3 Ba6 22. a4 Ne8 23. Bd4 Rb8 24. Kf2 Nd6 25. Nxd6 Bxd6 26. Be3 Kf8 27. Nd4 Ba3 28. Rc2 Bc5 29. Nb3 Be7 30. c5 bxc5 31. Nxc5 Bxc5 32. Bxc5+ Ke8 33. a5 Rb5 34. Bb6 Rd5 35. g4 f5 36. h3 f4 37. Bc7 g5 38. h4 Kd7 39. h5 Rd4 40. Bb6 Rc4 41. Rxc4 Bxc4 42. e3 e5 43. Bc5 Ke6 44. Bf8 Kf6 45. exf4 exf4 46. Bxh6 Ba6 47. Bf8 Bb7 48. Bc5 Kf7 49. Bb6 Kg7 50. Bd8 Kh6 51. Be7 Ba6 52. Ke1 Bb7 53. Ke2 Ba6+ 54. Kd2 Bb7 55. Kc3 Bxf3 56. a6 Bxg4 57. a7 Bf3 58. Kd4 Kxh5 59. Ke5 Ba8 60. Bb4 f3 61. Be1 Kg4 62. Kd4 Kh3 63. Ke3 Kg2 64. Bf2 g4 65. Bh4 g3 66. Kf4 f2 67. Kg4 f1=Q 68. Bxg3 Qf3+ 69. Kg5 Qxg3+ 70. Kf6 Qd6+ 71. Kf7 Bd5+ 72. Ke8 Bc6+ 73. Kf7 Qd7+ 74. Kf8 Qxa7 75. Kg8 Bd5+ 76. Kh8 Be4 77. Kg8 Bg6 78. Kh8 Qh7# 0-1


[Site "https://www.chess.com"]

[Event "Titled Tuesday Blitz February 07 Early 2023"]
[White "Toczek, Grzegorz"]
[Black "Martinez Ramirez, Lennis"]
[WhiteFideId "1106457"]
[BlackFideId "3509079"]
[WhiteElo "2260"]
[BlackElo "2426"]
[Result "0-1"]
[Round "07"]
[TimeControl "180+2"]
[Date "2023.02.07"]
[WhiteClock "0:00:23"]
[BlackClock "0:01:23"]

1. e4 c5 2. Nf3 d6 3. c3 Nf6 4. h3 Nc6 5. Bd3 g6 6. Bc2 Ne5 7. d4 cxd4 8. cxd4 Nxf3+ 9. Qxf3 Bg7 10. O-O O-O 11. Nc3 Be6 12. Rd1 Rc8 13. Be3 a6 14. Rac1 b5 15. a3 Qa5 16. Bd2 Qc7 17. Bb1 Qb8 18. Bf4 b4 19. e5 bxc3 20. exf6 Bxf6 21. bxc3 Qb3 22. Bxd6 Bd5 23. Qf4 Rxc3 24. Bb4 Rc6 25. Be4 Rfc8 26. Bxd5 Qxd5 27. Rxc6 Rxc6 28. Qe3 a5 29. Bc5 Rxc5 0-1


[Site "https://www.chess.com"]

[Event "Titled Tuesday Blitz February 07 Early 2023"]
[White "Sanchez, Sebastian Felipe"]
[Black "Iljin, Timofey"]
[WhiteFideId "4403304"]
[BlackFideId "14110180"]
[WhiteElo "2427"]
[BlackElo "2329"]
[Result "1-0"]
[Round "07"]
[TimeControl "180+2"]
[Date "2023.02.07"]
[WhiteClock "0:00:06"]
[BlackClock "0:00:01"]

1. d4 d5 2. c4 e6 3. Nf3 Nf6 4. g3 dxc4 5. Bg2 Nc6 6. Qa4 Bb4+ 7. Bd2 Nd5 8. Qb5 Bxd2+ 9. Nbxd2 c3 10. bxc3 Nxc3 11. Qc5 Nd5 12. O-O Nde7 13. Rab1 b6 14. Qc2 Bb7 15. Rfc1 Rb8 16. e3 h6 17. Nc4 O-O 18. Ne1 a5 19. Nd3 Nd5 20. a3 Nce7 21. Nde5 Rc8 22. Nxa5 Ba8 23. Nac6 Nxc6 24. Nxc6 Bxc6 25. Qxc6 Ne7 26. Qb5 Qd6 27. a4 Rfd8 28. a5 bxa5 29. Qxa5 Nd5 30. Rc5 Ra8 31. Qd2 Rab8 32. Rbc1 Nf6 33. Qa5 Rb2 34. Qxc7 Qxc7 35. Rxc7 e5 36. dxe5 Ng4 37. Rc8 Rxc8 38. Rxc8+ Kh7 39. Be4+ g6 40. e6 fxe6 41. Rc7+ Kg8 42. Bxg6 Nxf2 43. Bf7+ Kf8 44. Bxe6 Nd1 45. Rf7+ Ke8 46. Rf3 Re2 47. Bf7+ Ke7 48. Bb3 Re1+ 49. Kg2 Nc3 50. Kh3 Ne4 51. Rf4 Ng5+ 52. Kg4 Re2 53. h4 1-0


[Site "https://www.chess.com"]